Map: Stargazers

Players

Zireael - Winner!

  • Race: Zerg Zerg
  • League: Master
  • Spawn Location: 1:00

Maplez

  • Race: Protoss Protoss
  • League: Grandmaster
  • Spawn Location: 11:00

VOD

Have the link to the VOD?

Description

Time

  • Played on: Aug. 13, 2022, 1:19 a.m.
  • Length: 17:00
Show
View Real Time Build Order
Export as new Build Order

Zireael Zerg - Winner!

Build Orders: Pool First, Lurkers 

Get SALT Encoding   

  12  0:17  Spawning Pool  
  11  0:22  Drone  
  11  0:27  Drone  
  13  0:31  Drone  
  14  0:40  Overlord  
  14  1:01  Drone  
  14  1:04  Zergling x2  
  16  1:05  Zergling x2  
  17  1:13  Extractor  
  17  1:17  Drone  
  17  1:32  Drone  
  18  1:38  Hatchery  
  18  1:39  Drone  
  18  1:45  Queen  
  20  1:51  Drone  
  21  1:58  Overlord  
  21  2:10  Drone  
  22  2:18  Metabolic Boost  
  23  2:22  Drone  
  23  2:23  Queen  
  25  2:32  Zergling x2  
  26  2:46  Drone  
  26  2:50  Queen  
  29  2:51  Drone  
  29  2:54  Drone x3  
  29  2:57  Drone  
  34  3:12  Hatchery  
  33  3:16  Drone  
  34  3:21  Overlord  
  34  3:22  Drone  
  34  3:25  Drone  
  36  3:34  Overlord  
  36  3:39  Drone x5  
  41  3:44  Queen  
  41  3:47  Overlord  
  43  3:51  Drone  
  43  3:54  Drone  
  46  3:55  Drone  
  46  4:00  Drone x3  
  49  4:05  Queen  
  49  4:08  Zergling x2  
  49  4:09  Drone  
  53  4:12  Evolution Chamber  
  53  4:15  Drone  
  53  4:16  Drone  
  54  4:21  Spore Crawler, Overlord  
  53  4:24  Overlord  
  53  4:30  Drone  
  53  4:31  Drone x2  
  56  4:34  Spore Crawler, Drone  
  56  4:36  Drone  
  56  4:38  Drone x2  
  59  4:42  Zerg Melee Weapons Level 1  
  59  4:44  Drone  
  60  4:48  Drone  
  60  4:50  Drone  
  60  4:51  Drone x2  
  64  4:53  Queen  
  64  4:56  Queen  
  68  5:00  Drone  
  68  5:01  Drone  
  68  5:03  Drone, Extractor  
  68  5:04  Overlord  
  68  5:06  Drone  
  71  5:08  Drone  
  71  5:10  Overlord  
  71  5:13  Zergling x4  
  70  5:27  Zergling x8  
  71  5:28  Drone x5  
  71  5:32  Drone x2  
  76  5:37  Drone x4  
  78  5:43  Drone  
  78  5:47  Overlord  
  79  5:51  Drone  
  79  5:54  Drone  
  81  5:59  Lair  
  81  6:00  Drone  
  81  6:02  Hatchery  
  81  6:08  Drone x5  
  81  6:09  Extractor  
  81  6:11  Extractor  
  84  6:19  Zergling x12  
  84  6:20  Hatchery  
  84  6:23  Drone  
  90  6:36  Drone x4  
  90  6:39  Drone x2  
  94  6:48  Drone x9  
  103  6:55  Overlord  
  103  6:56  Hatchery  
  102  7:02  Drone x2  
  102  7:05  Zerg Melee Weapons Level 2  
  102  7:07  Drone, Baneling Nest  
  102  7:08  Drone, Hydralisk Den  
  105  7:10  Evolution Chamber  
  105  7:11  Overlord x3  
  105  7:12  Overlord  
  102  7:27  Spore Crawler  
  102  7:28  Zergling x20  
  110  7:35  Zergling x8  
  114  7:41  Grooved Spines, Zerg Ground Armor Level 1  
  114  7:46  Zergling x14  
  121  7:53  Zergling x12, Hatchery  
  110  8:02  Zergling x10  
  110  8:07  Zergling x20  
  117  8:13  Zergling x12  
  117  8:17  Zergling x4  
  119  8:21  Zergling x8  
  119  8:24  Queen x2  
  118  8:28  Zergling x4  
  118  8:34  Zergling x20  
  126  8:40  Zergling x14  
  126  8:41  Centrifugal Hooks  
  127  8:49  Zergling x6  
  127  8:55  Zergling x10  
  129  9:01  Zergling x8  
  133  9:04  Hatchery  
  133  9:06  Zergling x18  
  141  9:15  Muscular Augments, Infestation Pit, Hydralisk x3  
  141  9:29  Drone x11  
  146  9:39  Zergling x22  
  152  9:47  Overlord  
  152  9:51  Overlord, Zerg Ground Armor Level 2  
  152  9:52  Hydralisk x4  
  152  9:57  Overlord  
  152  9:58  Overlord  
  152  9:59  Overlord  
  160  10:00  Overlord x2  
  160  10:02  Hive  
  160  10:03  Overlord  
  160  10:10  Baneling x13  
  160  10:16  Drone x11  
  160  10:18  Extractor  
  160  10:19  Hydralisk x2  
  160  10:20  Extractor  
  160  10:21  Overseer  
  173  10:28  Zergling x20  
  178  10:39  Hydralisk x6  
  178  10:40  Hydralisk x2  
  178  10:41  Drone x2  
  184  10:47  Overlord, Extractor, Hydralisk x3  
  184  10:48  Zergling x2  
  188  10:54  Drone x8  
  181  11:12  Baneling x16  
  181  11:18  Zergling x30  
  196  11:24  Extractor  
  194  11:39  Zergling x22  
  187  11:49  Zergling x26  
  187  11:51  Adrenal Glands  
  197  11:55  Overlord  
  196  12:01  Extractor  
  195  12:15  Baneling x16  
  191  12:16  Baneling x4  
  191  12:18  Baneling x8  
  191  12:19  Baneling  
  191  12:20  Zergling x22  
  196  12:42  Zerg Missile Weapons Level 1  
  196  12:43  Zerg Melee Weapons Level 3  
  191  12:51  Drone x3  
  191  12:58  Lurker Den  
  193  13:00  Hydralisk x3  
  199  13:15  Extractor  
  198  13:20  Overseer  
  198  13:22  Hatchery  
  198  13:26  Extractor  
  190  13:28  Extractor  
  171  13:36  Zergling x34  
  171  13:38  Hydralisk x6  
  171  13:39  Zergling x6  
  198  13:41  Zergling x2  
  198  13:48  Spine Crawler x2  
  198  13:49  Spine Crawler  
  198  13:50  Spine Crawler  
  198  13:51  Spine Crawler  
  198  13:52  Spine Crawler  
  198  13:53  Spine Crawler  
  185  13:56  Lurker x14  
  185  13:58  Seismic Spines  
  185  14:01  Spine Crawler  
  198  14:03  Spine Crawler  
  198  14:05  Spore Crawler  
  198  14:06  Spore Crawler  
  198  14:07  Lurker x6  
  199  14:29  Overlord  
  196  14:31  Nydus Network  
  183  14:40  Zergling x34  
  197  14:47  Zergling x6  
  192  14:55  Adaptive Talons  
  190  15:02  Viper x3  
  197  15:07  Lurker x3  
  193  15:16  Zergling x24  
  193  15:17  Zergling x10  
  194  15:26  Nydus Canal  
  183  15:56  Lurker x4  
  187  15:58  Zergling x30  
  184  16:09  Zergling x22  
  184  16:10  Zergling x24  
  191  16:14  Drone  
  191  16:15  Drone x2  
  191  16:17  Zergling x2  
  191  16:18  Zergling x14  
  194  16:22  Nydus Canal  
  194  16:35  Hydralisk x2  
  194  16:36  Hydralisk  
Show
View Real Time Build Order
Export as new Build Order

Maplez Protoss 

Build Orders: Oracle Opening 

Get SALT Encoding   

  12  0:00  Probe  
  13  0:12  Probe  
  14  0:17  Pylon  
  14  0:24  Probe (Chrono Boost)  
  15  0:36  Probe (Chrono Boost)  
  15  0:41  Gateway  
  16  0:45  Probe (Chrono Boost)  
  17  0:51  Probe  
  17  0:52  Assimilator  
  18  1:03  Probe  
  19  1:15  Probe, Pylon  
  20  1:19  Pylon  
  20  1:27  Probe  
  20  1:28  Zealot (Chrono Boost)  
  23  1:34  Cybernetics Core  
  23  1:40  Probe, Pylon  
  25  2:09  Adept (Chrono Boost)  
  25  2:11  Nexus  
  25  2:15  Probe  
  26  2:21  Warp Gate  
  26  2:27  Probe  
  26  2:29  Assimilator  
  27  2:36  Stalker  
  29  2:41  Probe  
  30  2:53  Probe  
  30  2:56  Gateway  
  31  3:05  Probe, Stargate  
  32  3:12  Adept  
  34  3:19  Probe (Chrono Boost)  
  36  3:27  Probe (Chrono Boost)  
  36  3:32  Probe (Chrono Boost)  
  37  3:36  Probe (Chrono Boost)  
  37  3:39  Probe (Chrono Boost)  
  39  3:42  Gateway  
  39  3:43  Probe (Chrono Boost)  
  39  3:44  Probe (Chrono Boost)  
  41  3:50  Oracle (Chrono Boost)  
  41  3:53  Probe  
  45  3:56  Probe  
  45  4:01  Pylon  
  46  4:05  Probe  
  46  4:08  Probe  
  48  4:20  Probe  
  48  4:22  Adept x2  
  54  4:24  Oracle (Chrono Boost)  
  56  4:31  Nexus  
  56  4:36  Adept  
  56  4:38  Probe  
  59  4:41  Twilight Council  
  59  4:45  Probe  
  60  4:50  Assimilator, Probe  
  61  4:55  Forge  
  61  4:57  Probe  
  62  5:06  Pylon  
  62  5:07  Pylon  
  62  5:20  Gateway  
  62  5:24  Probe x2  
  62  5:27  Gateway  
  64  5:28  Blink (Chrono Boost)  
  64  5:30  Protoss Ground Weapons Level 1  
  64  5:36  Probe x2  
  66  5:47  Probe  
  66  5:48  Probe x2  
  66  5:49  Pylon  
  65  5:59  Oracle, Probe  
  65  6:00  Probe x2  
  65  6:03  Gateway  
  71  6:05  Robotics Facility  
  71  6:11  Stalker, Probe  
  71  6:12  Probe  
  71  6:13  Probe  
  71  6:17  Assimilator  
  76  6:22  Stalker x2  
  76  6:25  Probe x2  
  83  6:26  Pylon  
  83  6:28  Gateway  
  83  6:29  Probe, Gateway  
  83  6:35  Pylon  
  83  6:37  Probe x2  
  86  6:47  Stalker x3  
  86  6:48  Stalker  
  86  6:49  Warp Prism (Chrono Boost), Probe  
  96  6:56  Assimilator  
  96  7:05  Stalker x2  
  100  7:11  Stalker x3  
  106  7:20  Pylon x2  
  106  7:21  Pylon  
  106  7:28  Pylon  
  100  7:40  Stalker x6  
  100  7:43  Stalker  
  114  7:44  Zealot  
  114  7:49  Nexus  
  111  8:03  Stalker x3  
  111  8:04  Stalker, Zealot x2  
  121  8:10  Protoss Ground Armor Level 1 (Chrono Boost)  
  109  8:21  Stalker x2  
  109  8:22  Probe (Chrono Boost)  
  109  8:26  Zealot x3  
  106  8:28  Probe x2 (Chrono Boost)  
  106  8:30  Zealot x3  
  106  8:32  Probe (Chrono Boost)  
  113  8:35  Probe x2 (Chrono Boost)  
  113  8:36  Charge (Chrono Boost)  
  113  8:37  Pylon  
  113  8:39  Probe  
  108  8:57  Zealot x6  
  108  9:01  Templar Archives  
  121  9:02  Probe  
  121  9:06  Probe x3  
  124  9:11  Photon Cannon  
  124  9:15  Zealot x2  
  120  9:24  Zealot x2  
  120  9:25  Zealot x2  
  117  9:33  Probe  
  117  9:37  Forge  
  112  9:39  Pylon, Zealot x3  
  112  9:40  Zealot  
  114  9:47  Probe  
  114  9:48  Probe  
  114  9:50  Probe x2  
  118  9:53  Assimilator x2  
  118  9:54  Pylon  
  118  9:56  Assimilator  
  118  9:59  Protoss Shields Level 1 (Chrono Boost)  
  119  10:00  Probe x2  
  119  10:02  Probe x2  
  122  10:12  High Templar x4, Probe x2  
  132  10:15  Probe  
  132  10:18  Archon x2  
  132  10:19  High Templar x2, Zealot x2  
  141  10:21  Warp Prism  
  141  10:25  Archon  
  127  10:45  Probe x4  
  125  10:50  Zealot x4  
  125  10:51  Zealot x4  
  141  10:57  Probe x2  
  141  10:58  Protoss Ground Weapons Level 2 (Chrono Boost)  
  143  11:09  Probe  
  128  11:11  High Templar x4  
  128  11:12  Probe x3  
  128  11:17  Archon x2  
  139  11:19  Stalker x4  
  139  11:21  Probe  
  139  11:24  Probe  
  139  11:25  Shield Battery  
  149  11:26  Photon Cannon  
  149  11:30  Probe x2  
  151  11:33  Probe  
  136  11:46  Stalker x6  
  136  11:47  Stalker  
  143  11:53  Zealot  
  139  12:03  Photon Cannon  
  139  12:12  High Templar x2, Zealot  
  139  12:15  Probe  
  146  12:16  Archon  
  146  12:19  Probe x2  
  148  12:30  Pylon  
  148  12:37  Pylon  
  148  12:42  Psionic Storm  
  148  12:43  Photon Cannon  
  148  12:45  Probe  
  148  12:48  Probe  
  148  12:51  High Templar x3  
  156  12:54  High Templar  
  156  12:56  Pylon  
  156  12:57  Pylon, Archon  
  156  12:58  Stalker  
  156  12:59  Archon  
  156  13:05  Probe x4  
  162  13:15  Pylon  
  162  13:19  Protoss Shields Level 2 (Chrono Boost)  
  162  13:20  Gateway  
  162  13:21  Gateway  
  162  13:23  Gateway  
  162  13:24  Gateway  
  162  13:28  Gateway  
  162  13:29  Sentry x2  
  162  13:30  Stalker x2  
  162  13:31  Pylon  
  162  13:34  Protoss Ground Armor Level 2 (Chrono Boost), Probe  
  166  13:40  Probe x3  
  166  13:44  High Templar x2  
  166  13:46  Probe  
  171  13:52  Probe  
  171  13:54  Probe  
  173  13:59  Probe  
  173  14:02  High Templar x2  
  178  14:13  Nexus  
  178  14:14  Probe x2  
  178  14:15  High Templar x2  
  184  14:18  Pylon  
  184  14:21  Zealot  
  184  14:23  Zealot x3  
  184  14:24  Zealot  
  187  14:38  Oracle (Chrono Boost)  
  187  14:39  Nexus  
  187  14:41  Pylon  
  186  14:46  Stalker x2  
  176  14:59  Zealot x5  
  185  15:05  Oracle (Chrono Boost)  
  178  15:08  Zealot  
  179  15:15  Probe x2  
  179  15:16  Zealot x5  
  181  15:25  Pylon  
  181  15:28  Probe  
  176  15:31  Zealot x2  
  180  15:35  Pylon  
  180  15:38  Pylon  
  180  15:45  Pylon  
  180  15:46  Zealot x2  
  180  15:47  Zealot  
  184  15:55  Zealot x5  
  172  16:06  Robotics Facility  
  163  16:11  Observer (Chrono Boost)  
  163  16:17  Probe  
  143  16:19  Probe x2  
  143  16:25  Zealot x5  
  116  16:55  Pylon  
  116  16:57  Pylon  
Tags
 
Add a new tag
Caveats
  • Supply blocks, unpowered buildings, or Contaminate may cause inaccurate times.
  • Supply counts are checked every 10 seconds.